 Dungeon Crawl Stone Soup version 0.14-a0-30-gf0b6e91 (webtiles) character file.

2977 Malachi the Cudgeler (level 9, -15/66 HPs)
             Began as a Mummy Fighter on Sept 26, 2013.
             Was a Believer of Okawaru.
             Killed by an exploding giant spore (35 damage)
             ... on Level 8 of the Dungeon.
             The game lasted 00:23:33 (9327 turns).

Malachi the Cudgeler (Mummy Fighter)                Turns: 9327, Time: 00:23:34

HP -15/66        AC 12     Str 28      XL: 9   Next: 38%
MP  11/11        EV  6     Int  9      God: Okawaru [**....]
Gold 276         SH 23     Dex 11      Spells:  0 memorised,  8 levels left

Res.Fire  : . . .   See Invis. : .   o - +0 flail
Res.Cold  : + . .   Warding    : .   w - +2 chain mail
Life Prot.: + + +   Conserve   : .   c - +1 shield
Res.Poison: +       Res.Corr.  : .   (no helmet)
Res.Elec. : .       Clarity    : +   q - +0 cloak
Sust.Abil.: . .     Spirit.Shd : .   (no gloves)
Res.Mut.  : .       Stasis     : .   (no boots)
Res.Rott. : +       Flight     : .   r - amulet of Phoir {Clar Str+3 Int+2}
Saprovore : . . .                    n - ring of protection from fire
                                     b - +3 ring of strength

@: somewhat resistant to hostile enchantments, extremely unstealthy
A: no food or potions, fire vulnerability, restore body, cold resistance 1, life
protection 3, poison resistance, torment resistance, unbreathing
a: Heroism, Renounce Religion


You were on level 8 of the Dungeon.
You worshipped Okawaru.
Okawaru was pleased with you.
You were not hungry.

You visited 2 branches of the dungeon, and saw 9 of its levels.
You also visited: Sewer.

You collected 256 gold pieces.

Inventory:

Hand weapons
 a - a +0,-2 mace
 o - a +0,+0 flail (weapon)
 p - a +0,+0 flail
 s - a +0 blowgun
 y - a +2,+3 falchion of electrocution
 A - a +1,+1 dwarven great mace
Missiles
 g - 4 poisoned darts (quivered)
 t - 31 poisoned needles
Armour
 c - a +1 shield (worn)
 h - a +1 scale mail of poison resistance
 q - a +0 cloak (worn)
 v - the +10 Black Knight's horse barding {ponderous, Hunger- rN+}
   (You found it on level 5 of the Dungeon)

   It protects you from negative energy.
   It slows your metabolism.
 w - a +2 chain mail (worn)
Scrolls
 d - 2 scrolls of amnesia
 e - a scroll of enchant weapon I
 f - 4 scrolls of identify
 i - 2 scrolls of recharging
 j - 2 scrolls of fog
 k - a scroll of remove curse
Jewellery
 b - a +3 ring of strength (left hand)
 l - an uncursed ring of see invisible
 m - an uncursed ring of sustain abilities
 n - a ring of protection from fire (right hand)
 r - the amulet of Phoir (around neck) {Clar Str+3 Int+2}
   (You found it on level 4 of the Dungeon)

   [amulet of clarity]

   It affects your strength (+3).
   It affects your intelligence (+2).
 x - an uncursed ring of ice {unknown}


   Skills:
 + Level 4.3 Fighting
 + Level 0.4 Long Blades
 * Level 6.4 Maces & Flails
 + Level 4.7 Armour
 + Level 4.4 Dodging
 - Level 0.3 Stealth
 + Level 5.6 Shields
 - Level 2.0 Invocations


You had 8 spell levels left.
You didn't know any spells.

Dungeon Overview and Level Annotations

Branches:
Dungeon (8/27)             Temple (1/1) D:5             Orc (0/4) D:7
   Lair: D:8-13

Altars:
Ashenzari
Cheibriados
Elyvilon
Fedhas
Kikubaaqudgha
Makhleb
Nemelex Xobeh
Okawaru
Sif Muna
Trog
Vehumet
Xom
Yredelemnul
Zin
the Shining One

Shops:
D:7 (


Innate Abilities, Weirdness & Mutations

You do not eat or drink.
Your flesh is vulnerable to fire.
Your flesh is cold resistant.
You are immune to negative energy.
Your system is resistant to poisons.
You are immune to unholy pain and torment.
You can survive without breathing.


Message History

You close the door.
You start resting.
An ogre opens the door.
It is wielding a giant spiked club.
The ogre shouts!
There is a stone staircase leading down here.
You climb downwards.
An adder, a giant spore, 2 orcs and an orc priest come into view.
The orc shouts!
The giant spore waves its rhizomes.
Found 11 gold pieces and a sling.
Found a stone staircase leading down.
There is a stone staircase leading up here.
Read which item? (? for menu, Esc to quit)
As you read the scroll of fog, it crumbles to dust.
The scroll dissolves into smoke.
You block the orc's attack.
A ballistomycete grows in the wake of the spore.
You block the adder's attack.
The giant spore explodes!
The explosion of spores engulfs you!
Ouch! That really hurt!
You die...

. ..## #.#.. ###
#........ .
#.....#.# ##.$.
.....§§.#......
#....)§#@#§.....
......§S§§§§.#.>.
####..§§§§f......
##.##§#§.....# #
#§o .#... #.## .#
# #.. #


o.o ##. You could see an adder.

Vanquished Creatures
  A hill giant skeleton (D:7)
  A sky beast (D:6)
  A centaur (D:5)
  3 ogres
  3 ice beasts
  Sigmund (D:2)
  A giant frog (D:6)
  A big kobold (Sewer)
  3 killer bees (D:7)
  3 crimson imps (D:6)
  5 wights (D:6)
  6 orc priests
  3 hounds
  A jelly (D:7)
  6 worker ants
  2 scorpions
  An iguana (D:7)
  9 orc wizards
  A hound skeleton (D:5)
  A worker ant zombie (D:6)
  A green rat (Sewer)
  9 adders
  5 giant mites
  7 gnolls
  4 worms
  An adder zombie (D:6)
  2 grey rats (Sewer)
  7 giant geckos
  An ooze (D:1)
  40 orcs
  4 giant cockroaches
  10 goblins
  17 hobgoblins
  7 jackals
  14 kobolds
  4 quokkas
  6 ball pythons
  22 bats
  10 giant newts
  A goblin skeleton (D:5)
  A goblin zombie (D:5)
  25 rats
251 creatures vanquished.

Notes
Turn   | Place    | Note
--------------------------------------------------------------
     0 | D:1      | Malachi, the Mummy Fighter, began the quest for the Orb.
     0 | D:1      | Reached XP level 1. HP: 18/18 MP: 0/0
   227 | D:1      | Reached XP level 2. HP: 24/24 MP: 1/1
   682 | D:1      | Reached XP level 3. HP: 30/30 MP: 2/2
   927 | D:2      | Noticed Sigmund
  1547 | D:2      | Reached skill level 1 in Dodging
  1788 | D:2      | Reached XP level 4. HP: 36/36 MP: 3/3
  2380 | D:3      | Found a glowing drain.
  2405 | Sewer    | Entered a sewer
  2422 | Sewer    | Reached XP level 5. HP: 28/42 MP: 4/4
  2657 | Sewer    | Noticed a big kobold
  2672 | Sewer    | Killed a big kobold
  3451 | D:3      | Reached XP level 6. HP: 41/48 MP: 5/5
  4428 | D:4      | Got a slimy golden amulet
  4517 | D:4      | Identified the amulet of Phoir {Clar Str+3 Int+2} (You found it on level 4 of the Dungeon)
  4524 | D:5      | Entered Level 5 of the Dungeon
  4680 | D:5      | Reached XP level 7. HP: 28/54 MP: 6/6
  5004 | D:4      | Reached skill level 4 in Maces & Flails
  5536 | D:2      | Killed Sigmund
  6119 | D:6      | Reached XP level 8. HP: 52/60 MP: 7/7
  6222 | D:5      | Reached skill level 5 in Maces & Flails
  6441 | D:5      | Found a basalt altar of Yredelemnul.
  6444 | D:5      | Found a burning altar of Makhleb.
  6446 | D:5      | Found a snail-covered altar of Cheibriados.
  6451 | D:5      | Found a staircase to the Ecumenical Temple.
  6472 | Temple   | Entered the Ecumenical Temple
  6646 | Temple   | Became a worshipper of Warmaster Okawaru
  7343 | D:6      | Reached skill level 5 in Shields
  7356 | D:6      | Acquired Okawaru's first power
  7878 | D:6      | Reached skill level 1 in Invocations
  8155 | D:6      | Reached XP level 9. HP: 41/66 MP: 10/10
  8323 | D:6      | Reached skill level 6 in Maces & Flails
  8753 | D:7      | Found a staircase to the Orcish Mines.
  8942 | D:7      | Found Cheshrao's Weapon Shoppe.
  9327 | D:8      | Killed by an exploding giant spore

Action                   |  1- 3 |  4- 6 |  7- 9 || total
-------------------------+-------+-------+-------++-------
Melee: Mace              |   144 |       |     3 ||   147
       Flail             |     3 |   346 |   531 ||   880
       Falchion          |       |       |    22 ||    22
  Use: Scroll            |       |    15 |     7 ||    22
